 Dungeon Crawl Stone Soup version 0.29.0-4-gdea44cf6ec (webtiles) character file.

Game seed: 1458375402756896281

560 qw the Chopper (level 7, 0/41 HPs)
             Began as a Tengu Warper on Aug 28, 2022.
             Slain by Duvessa
             ... wielding a +0 short sword
              (10 damage)
             ... on level 4 of the Dungeon.
             The game lasted 00:00:24 (4813 turns).

qw the Chopper (Tengu Warper)                       Turns: 4813, Time: 00:00:24

Health: 0/41       AC:  3    Str: 13    XL:     7   Next: 31%
Magic:  11/11      EV: 18    Int: 14    God:
Gold:   148        SH:  0    Dex: 13    Spells: 10/10 levels left

rFire   . . .      SeeInvis .   Y - +0 hand axe
rCold   . . .      Faith    .   (no shield)
rNeg    . . .      Spirit   .   b - +0 leather armour
rPois   .          Reflect  .   (helmet restricted)
rElec   .          Harm     .   (no cloak)
rCorr   .          Rampage  .   (no gloves)
Will    .....                   (boots unavailable)
Stlth   +.........              (no amulet)
HPRegen 0.13/turn               c - +4 ring of evasion
MPRegen 0.12/turn               (no ring)

@: flying quickly and evasively, quick
A: beak, talons 3, nimble flight
a: no special abilities


You were on level 4 of the Dungeon.
You visited 1 branch of the dungeon, and saw 6 of its levels.

You collected 148 gold pieces.


Innate Abilities, Weirdness & Mutations

You have a beak for a mouth.
You have claws for feet.
Your magical nature lets you fly swiftly and evasively.


   Skills:
 - Level 3.0 Fighting
 + Level 7.8 Axes
 - Level 1.0 Throwing
 - Level 1.1 Armour
 - Level 3.1 Dodging
 - Level 2.0 Spellcasting
 - Level 2.4 Translocations


You had 10 spell levels left.
You didn't know any spells.
Your spell library contained the following spells:

 Spells                   Type           Power      Damage    Failure   Level
 Blink                    Tloc           16%        N/A       17%         2
 Gell's Gravitas          Tloc           8%         N/A       34%         3
 Lesser Beckoning         Tloc           8%         N/A       34%         3
 Teleport Other           Tloc           8%         N/A       34%         3
 Manifold Assault         Tloc           8%         N/A       97%         5

Inventory:

Hand Weapons
 h - a +0 whip
 Y - a +0 hand axe (weapon)
Armour
 b - a +0 leather armour (worn)
 d - a +0 scale mail
Jewellery
 c - a +4 ring of evasion (left hand)
Scrolls
 a - a scroll of identify
Potions
 i - a potion of curing

Dungeon Overview and Level Annotations

Branches:
Dungeon (6/15)
 Temple: D:4-7

Altars:
Wu Jian
Yredelemnul

Shops:
D:2 (

Annotations:
D:2 1 runed translucent door, Crazy Yiuf
D:4 Dowan, Duvessa


Message History

Your butterfly disappears in a burst of colours! x2
Dowan zaps a wand.
The puff of flame misses you.
4799 ||| Stepping ~*~*~tactically~*~*~ (hiding).
4800 ||| Stepping ~*~*~tactically~*~*~ (hiding).
You start waiting.
Dowan is nearby!
Duvessa shouts!
Dowan points at you and mumbles some strange words.
The puff of flame hits you!
You barely miss Dowan. You peck Dowan.
Dowan is moderately wounded.
Dowan drinks a potion.
Dowan seems to speed up.
You hit Dowan. You claw Dowan. Your peck misses Dowan.
Dowan is heavily wounded.
Dowan gestures at you while chanting. The puff of frost misses you.
You hit Dowan but do no damage. You claw Dowan.
Dowan is severely wounded.
Dowan casts a spell at you. The puff of frost hits you!
You closely miss Duvessa. You claw Duvessa, but do no damage.
Dowan mumbles some strange words.
Dowan blinks!
You hit Duvessa.
Duvessa is lightly wounded.
You closely miss Duvessa.
Duvessa is lightly wounded.
Duvessa completely misses you.
You slash Duvessa! Your kick misses Duvessa.
Duvessa is moderately wounded.
Duvessa hits you with a +0 short sword!
4811 ||| Stepping ~*~*~tactically~*~*~ (hiding).
You hit Duvessa but do no damage. You claw Duvessa. You peck Duvessa.
Duvessa is moderately wounded.
Duvessa hits you with a +0 short sword.
You barely miss Duvessa. You claw Duvessa, but do no damage.
Your peck misses Duvessa.
Duvessa is moderately wounded.
Duvessa hits you with a +0 short sword!
You die...

#..## #. .....
... . ..# ...
..# .e# ## # #.#
#)# #.# ###.
#...###e##......
#.@e....# ..
#....##.##..#. .
#.### #)###.. .
# #...#.# #.
#...#.# #.....#
# #.....#.#
#.......# ..
###..#......


You could see Duvessa and Dowan (fast).

Vanquished Creatures
  Grinder (D:6)
  An ogre (D:3)
  A centaur (D:5)
  A necrophage (D:4)
  Jessica (D:2)
  5 adders
  A worm (D:2)
  A dart slug (D:1)
  4 ball pythons
  8 bats
  6 endoplasms
  4 giant cockroaches
  4 goblins
  4 hobgoblins
  5 jackals (D:2)
  6 quokkas
  3 frilled lizards
  9 kobolds
  4 rats
69 creatures vanquished.

Vanquished Creatures (others)
  A giant cockroach (D:2)
  A hobgoblin (D:2)
  A jackal (D:2)
  6 plants (D:2)
  A withered plant (D:2)
10 creatures vanquished.

Grand Total: 79 creatures vanquished

Notes
Turn   | Place    | Note
-------+----------+-------------------------------------------
     0 | D:1      | qw the Tengu Warper began the quest for the Orb.
     0 | D:1      | Reached XP level 1. HP: 12/12 MP: 4/4
     0 | D:1      | 0 ||| qw: Version: 0.1-a-89-g26bdef1
     0 | D:1      | 0 ||| qw: Game counter: 456
     0 | D:1      | 0 ||| qw: Always use a shield: true
     0 | D:1      | 0 ||| qw: God list: Okawaru
     0 | D:1      | 0 ||| qw: Allow faded altars: false
     0 | D:1      | 0 ||| qw: Do Orc after D:15 true
     0 | D:1      | 0 ||| qw: Do second Lair branch before Depths: true
     0 | D:1      | 0 ||| qw: Lair rune preference: random
     0 | D:1      | 0 ||| qw: Plans: Normal
     0 | D:1      | 0 ||| PLANNING D:1-11
   253 | D:1      | 253 ||| Stepping ~*~*~tactically~*~*~ (stealth).
   258 | D:1      | Reached XP level 2. HP: 13/17 MP: 6/6
   260 | D:1      | Reached skill level 3 in Axes
   274 | D:1      | 274 ||| Stepping ~*~*~tactically~*~*~ (stealth).
   587 | D:1      | 587 ||| DROPPING +0 club.
   794 | D:1      | Reached XP level 3. HP: 21/21 MP: 7/7
  1140 | D:1      | Reached skill level 4 in Axes
  1149 | D:1      | 1149 ||| Stepping ~*~*~tactically~*~*~ (stealth).
  1625 | D:1      | 1625 ||| READING 3 scrolls labelled DOL PIOSOARIYF.
  1626 | D:1      | 1626 ||| READING scroll labelled HAOTOU BOUDEEL.
  1627 | D:1      | 1627 ||| READING scroll labelled ELLO YXUDWIOVO.
  1628 | D:1      | 1628 ||| READING 2 scrolls of identify.
  1628 | D:1      | 1628 ||| IDENTIFYING fuming white potion
  1629 | D:1      | 1629 ||| DROPPING scroll of blinking.
  1630 | D:1      | 1630 ||| Stepping randomly (stuck).
  1631 | D:1      | 1631 ||| Stepping ~*~*~tactically~*~*~ (cloud).
  1937 | D:2      | 1937 ||| Stepping ~*~*~tactically~*~*~ (stealth).
  1939 | D:2      | 1939 ||| Stepping ~*~*~tactically~*~*~ (stealth).
  1939 | D:2      | Found a basalt altar of Yredelemnul.
  1940 | D:2      | 1940 ||| Stepping ~*~*~tactically~*~*~ (stealth).
  1948 | D:2      | Reached XP level 4. HP: 15/26 MP: 8/8
  2070 | D:2      | 2070 ||| Stepping ~*~*~tactically~*~*~ (stealth).
  2079 | D:2      | 2079 ||| Stepping ~*~*~tactically~*~*~ (stealth).
  2112 | D:2      | 2112 ||| Stepping ~*~*~tactically~*~*~ (stealth).
  2121 | D:2      | 2121 ||| Stepping ~*~*~tactically~*~*~ (stealth).
  2129 | D:2      | 2129 ||| Stepping ~*~*~tactically~*~*~ (stealth).
  2145 | D:2      | HP: 6/26 [bat (1)]
  2146 | D:2      | 2146 ||| DRINKING potion of heal wounds.
  2155 | D:2      | 2155 ||| Stepping ~*~*~tactically~*~*~ (hiding).
  2191 | D:2      | Noticed Jessica
  2192 | D:2      | 2192 ||| Stepping ~*~*~tactically~*~*~ (stealth).
  2195 | D:2      | 2195 ||| Stepping ~*~*~tactically~*~*~ (stealth).
  2197 | D:2      | 2197 ||| Stepping ~*~*~tactically~*~*~ (stealth).
  2198 | D:2      | 2198 ||| Stepping ~*~*~tactically~*~*~ (stealth).
  2198 | D:2      | Found Duschoruch's Antique Weapon Emporium.
  2199 | D:2      | 2199 ||| Stepping ~*~*~tactically~*~*~ (stealth).
  2204 | D:2      | 2204 ||| Stepping ~*~*~tactically~*~*~ (stealth).
  2205 | D:2      | 2205 ||| FLEEEEING.
  2341 | D:2      | Found a faded altar of an unknown god.
  2469 | D:2      | 2469 ||| Stepping ~*~*~tactically~*~*~ (hiding).
  2470 | D:2      | 2470 ||| Stepping ~*~*~tactically~*~*~ (hiding).
  2471 | D:2      | 2471 ||| Stepping ~*~*~tactically~*~*~ (hiding).
  2483 | D:2      | 2483 ||| FLEEEEING.
  2484 | D:2      | 2484 ||| FLEEEEING.
  2485 | D:2      | 2485 ||| FLEEEEING.
  2486 | D:2      | 2486 ||| FLEEEEING.
  2487 | D:2      | 2487 ||| FLEEEEING.
  2488 | D:2      | 2488 ||| FLEEEEING.
  2489 | D:2      | 2489 ||| FLEEEEING.
  2490 | D:2      | 2490 ||| FLEEEEING.
  2491 | D:2      | 2491 ||| FLEEEEING.
  2492 | D:2      | 2492 ||| FLEEEEING.
  2501 | D:2      | 2501 ||| FLEEEEING.
  2502 | D:2      | 2502 ||| FLEEEEING.
  2503 | D:2      | 2503 ||| FLEEEEING.
  2504 | D:2      | 2504 ||| FLEEEEING.
  2505 | D:2      | 2505 ||| FLEEEEING.
  2506 | D:2      | 2506 ||| FLEEEEING.
  2516 | D:2      | 2516 ||| STAIRDANCE
  2635 | D:1      | 2635 ||| READING 2 scrolls labelled DUCRIO XO NAOX.
  2636 | D:1      | 2636 ||| DRINKING 2 fizzy blue potions.
  2637 | D:1      | 2637 ||| DROPPING scroll of vulnerability.
  2644 | D:2      | HP: 2/26 [Jessica/nerve-wracking pain (10)]
  2647 | D:2      | Killed Jessica
  2648 | D:2      | Reached skill level 5 in Axes
  3208 | D:2      | Gained mutation: Your magical nature lets you fly swiftly
                  | and evasively. [Tengu growth]
  3208 | D:2      | Reached XP level 5. HP: 30/30 MP: 9/9
  3311 | D:2      | Found a runed translucent door.
  3312 | D:2      | Noticed Crazy Yiuf
  3469 | D:2      | 3469 ||| UPGRADING to +4 ring of evasion.
  3470 | D:2      | 3470 ||| READING scroll labelled QAYFFONIAP.
  3571 | D:2      | 3571 ||| READING 3 scrolls of identify.
  3571 | D:2      | 3571 ||| IDENTIFYING blue potion
  3572 | D:2      | 3572 ||| DROPPING potion of attraction.
  3846 | D:3      | Noticed an ogre
  3857 | D:3      | HP: 6/30 [ogre/+0 giant club (24)]
  3858 | D:3      | Killed an ogre
  3859 | D:3      | Reached skill level 6 in Axes
  3859 | D:3      | Reached XP level 6. HP: 7/35 MP: 10/10
  4149 | D:3      | You are sucked into a shaft and drop 3 floors!
  4151 | D:6      | Noticed Grinder
  4152 | D:6      | 4152 ||| Stepping ~*~*~tactically~*~*~ (hiding).
  4153 | D:6      | 4153 ||| Stepping ~*~*~tactically~*~*~ (hiding).
  4154 | D:6      | Paralysed by Grinder for 4 turns
  4159 | D:6      | 4159 ||| Stepping ~*~*~tactically~*~*~ (hiding).
  4160 | D:6      | 4160 ||| Stepping ~*~*~tactically~*~*~ (hiding).
  4173 | D:6      | HP: 7/35 [Grinder (3)]
  4176 | D:6      | Killed Grinder
  4177 | D:6      | Reached skill level 7 in Axes
  4450 | D:6      | 4450 ||| READING 2 scrolls labelled VUF WIENOFUE.
  4451 | D:6      | 4451 ||| READING 3 scrolls of identify.
  4451 | D:6      | 4451 ||| IDENTIFYING fuming green potion
  4452 | D:6      | 4452 ||| DROPPING scroll of fear.
  4453 | D:6      | 4453 ||| DROPPING potion of degeneration.
  4463 | D:5      | Entered Level 5 of the Dungeon
  4471 | D:5      | Reached skill level 3 in Fighting
  4471 | D:5      | Reached XP level 7. HP: 31/41 MP: 11/11
  4586 | D:4      | 4586 ||| READING scroll labelled UNAPRU PYNA.
  4588 | D:4      | Found an ornate altar of the Wu Jian Council.
  4608 | D:4      | Reached skill level 3 in Dodging
  4757 | D:4      | 4757 ||| READING scroll labelled XYP ULAECWAWUE.
  4758 | D:4      | 4758 ||| READING 2 scrolls of identify.
  4758 | D:4      | 4758 ||| IDENTIFYING amethyst potion
  4759 | D:4      | 4759 ||| DROPPING potion of lignification.
  4790 | D:4      | Noticed Duvessa
  4791 | D:4      | 4791 ||| Stepping ~*~*~tactically~*~*~ (stealth).
  4797 | D:4      | Noticed Dowan
  4799 | D:4      | 4799 ||| Stepping ~*~*~tactically~*~*~ (hiding).
  4800 | D:4      | 4800 ||| Stepping ~*~*~tactically~*~*~ (hiding).
  4811 | D:4      | 4811 ||| Stepping ~*~*~tactically~*~*~ (hiding).
  4812 | D:4      | HP: 10/41 [Duvessa/+0 short sword (4)]
  4813 | D:4      | Slain by Duvessa

Levels and vault maps discovered:
D:1:      sevenhm_arrival_forest_fort_large_3, layout_basic
D:2:      layout_loops_cross, serial_shops, nicolae_shop_overgrown_old_shop,
          basic_altar, shapermc_ecumenical_altar_flowoftime, uniq_jessica,
          uniq_crazy_yiuf_cottage
D:3:      layout_basic
D:4:      layout_rooms, kennysheep_mini,
          mainiacjoe_overflow_concentric_impassable, minmay_joined_circles,
          uniq_duvessa
D:5:      layout_basic, serial_shops, nicolae_shop_trees, uniq_prince_ribbit1
D:6:      layout_rooms, mainiacjoe_overflow_swirl, uniq_eustachio, uniq_pikel,
          uniq_grinder

Skill      XL: |  1  2  3  4  5  6  7 |
---------------+----------------------+-----
Axes           | 3 4 5 6 7 |  7.8
Fighting       | 3 |  3.0
Dodging        | 3 |  3.1
Throwing       | |  1.0
Armour         | |  1.1
Spellcasting   | |  2.0
Translocations | |  2.4

Action                   |  1- 3 |  4- 6 |  7- 9 || total
-------------------------+-------+-------+-------++-------
Melee: Hand axe          |   107 |    96 |    30 ||   233
       Peck              |    15 |    18 |     4 ||    37
       Kick              |    19 |    30 |    15 ||    64
       Punch             |       |     1 |     1 ||     2
Throw: Boomerang         |     7 |       |       ||     7
  Use: Scroll            |     4 |     5 |     3 ||    12
       Potion            |       |     2 |       ||     2
Armor: Leather armour    |    27 |    28 |     1 ||    56
Dodge: Dodged            |    69 |    78 |    29 ||   176

Table legend:
 A = Non-vault XP
 B = Vault XP
 C = Vault XP percentage of total XP
 D = Non-vault monster count
 E = Vault monster count
 F = Vault count percentage of total count
                 A         B        C        D         E       F
            +---------+---------+-------+---------+---------+-------
      Total |     496 |     304 |  38.0 |      69 |       2 |   2.8
            +---------+---------+-------+---------+---------+-------
        D:1 |      56 |       0 |   0.0 |      33 |       0 |   0.0
        D:2 |      72 |      37 |  33.9 |      19 |       1 |   5.0
        D:3 |     156 |       0 |   0.0 |       9 |       0 |   0.0
        D:4 |      97 |       0 |   0.0 |       7 |       0 |   0.0
        D:5 |     115 |       0 |   0.0 |       1 |       0 |   0.0
        D:6 |       0 |     267 | 100.0 |       0 |       1 | 100.0
            +---------+---------+-------+---------+---------+-------
